AoeStats
← 2-ray

QS Arena

503453803Analyzed
4v4 RM · 1mo ago on Aug 31, 2026· 14m 2s· 8 players
Game mode
Random Map
Map size
Large (8 player)
Population
200
Speed
Normal
Resources
Standard
Victory
Conquest
Starting age
Dark Age
Ending age
Imperial Age
RankedLock teamsTeams togetherTeam positionsShared explorationLock speedFull tech treeHidden civsTurbo modeCheats
Victory
Defeat
🇵🇹 Britons · Portugal
1523
+10
🇵🇹 Armenians · Portugal
1442
+13
🇵🇹 Teutons · Portugal
1343
+18
🇵🇹 Cumans · Portugal
1302
+19
🇩🇪 Celts · Germany
1422
-17
🇦🇷 Spanish · Argentina
1390
-15
🇲🇽 Burgundians · Mexico
1371
-15
🇵🇪 Teutons · Peru
1335
-13
:) YO30830
2:00 Double-Bit Axe
5:28 Wheelbarrow
8:07 Feudal Age
7:56 Horse Collar
11:29 Loom
14:34 Castle Age
MALETA
8:13 Feudal Age
11:19 Loom
14:01 Castle Age
2-ray
8:30 Feudal Age
9:16 Double-Bit Axe
12:07 Castle Age
10:11 Horse Collar
13:16 Bow Saw
Dr. Kenzo Tenma
4:08 Loom
6:56 Feudal Age
7:24 Double-Bit Axe
7:22 Horse Collar
_kmkm_
4:24 Loom
7:06 Feudal Age
8:14 Double-Bit Axe
10:25 Fletching
12:51 Horse Collar
Lithium
5:01 Loom
6:49 Feudal Age
7:42 Double-Bit Axe
8:11 Loom
12:59 Horse Collar
phlyp
3:37 Loom
10:27 Feudal Age
13:56 Castle Age
12:12 Double-Bit Axe
12:23 Gold Mining
13:11 Wheelbarrow
Lobo
7:47 Feudal Age
8:02 Man-at-Arms
8:38 Loom
9:22 Long Swordsman
Connection lost

Rejoining the realm…

Still unreachable

The connection could not be restored.

Session expired

The server has moved on; the page needs a fresh start.